 Dungeon Crawl Stone Soup version 0.22-a0-305-gd21a89c (webtiles) character file.

250035 xccam the Severer (level 20, -3/160 HPs)
             Began as a Formicid Fighter on Mar 31, 2018.
             Was an Elder of Cheibriados.
             Killed by the air
             ... invoked by a spriggan air mage
             ... led by the Enchantress
              (12 damage)
             ... on level 1 of the Depths on Apr 1, 2018.
             The game lasted 01:35:15 (31927 turns).

xccam the Severer (Formicid Fighter)               Turns: 31927, Time: 01:35:16

Health: -3/160     AC: 23    Str: 42    XL:     20   Next: 41%
Magic:  0/29       EV: 21    Int: 19    God:    Cheibriados [****..]
Gold:   3457       SH: 25    Dex: 22    Spells: 19/19 levels left

rFire    + . .     SeeInvis +   l - +3 battleaxe (elec)
rCold    + + .     Gourm    +   o - +0 large shield
rNeg     . . .     Faith    .   k - +0 ice dragon scales
rPois    .         Spirit   +   (helmet unavailable)
rElec    .         Reflect  .   a - scarf {Spirit}
rCorr    .         Harm     .   Y - +1 pair of gloves
MR       +....                  L - +0 pair of boots {Fly}
Stlth    ..........             C - amulet of the gourmand
HPRegen  0.36/turn              A - ring of protection from fire
MPRegen  0.21/turn              g - ring of protection from fire

@: mighty, vulnerable, flying, very slow
A: permanent stasis, dig shafts and tunnels, four strong arms, antennae 3,
talons 1, molten scales 1, slimy green scales 1
}: 2/15 runes: barnacled, gossamer
a: Dig, Shaft Self, Bend Time, Temporal Distortion, Slouch, Renounce Religion,
Stop Flying


You were on level 1 of the Depths.
You worshipped Cheibriados.
Cheibriados was greatly pleased with you.
You were full.

You visited 7 branches of the dungeon, and saw 33 of its levels.
You visited the Abyss 1 time.
You also visited: Ice Cave and Volcano.

You collected 3984 gold pieces.
You spent 527 gold pieces at shops.

Inventory:

Hand Weapons
 l - a +3 battleaxe of electrocution (weapon)
 U - a +2 executioner's axe of freezing
Armour
 a - a scarf of spirit shield (worn)
 k - +0 ice dragon scales (worn)
 o - a +0 large shield (worn)
 L - a +0 pair of boots of flying (worn)
 Q - a +2 plate armour of fire resistance
 Y - a +1 pair of gloves (worn)
Jewellery
 d - an uncursed ring of resist corrosion
 g - a ring of protection from fire (right hand)
 s - an uncursed ring of positive energy
 A - a ring of protection from fire (left hand)
 C - an amulet of the gourmand (around neck)
 D - the ring "Kisuit" {rC+ Dex+2}
   (You acquired it on level 2 of the Shoals)

   [ring of protection from cold]

   It affects your dexterity (+2).
   It protects you from cold.
 E - an uncursed ring of poison resistance
 T - an uncursed ring of positive energy
Wands
 b - a wand of scattershot (1)
 y - a wand of disintegration (8)
 G - a wand of flame (57)
 J - a wand of paralysis (28)
 X - a wand of digging (25)
 Z - a wand of acid (25)
Scrolls
 c - 2 scrolls of holy word
 h - a scroll of silence
 i - 4 scrolls of amnesia
 j - 4 scrolls of fear
 p - 6 scrolls of immolation
 t - 6 scrolls of enchant armour
 F - a scroll of brand weapon
 I - 2 scrolls of fog
 K - 3 scrolls of magic mapping
 M - 5 scrolls of remove curse
 O - 4 scrolls of enchant weapon
 W - 3 scrolls of identify
Potions
 m - 4 potions of lignification
 r - 3 potions of magic
 v - 8 potions of resistance
 w - 13 potions of curing
 z - 4 potions of cancellation
 H - 3 potions of might
 P - 5 potions of ambrosia
 R - 3 potions of agility
 S - a potion of mutation
 V - a potion of invisibility
Comestibles
 f - 53 rations


   Skills:
 + Level 14.4 Fighting
 - Level 20.0 Axes
 + Level 14.4 Armour
 + Level 12.0 Dodging
 - Level 15.0 Shields
 + Level 13.1 Invocations


You had 19 spell levels left.
You didn't know any spells.

Dungeon Overview and Level Annotations

Branches:
Dungeon (15/15)            Temple (1/1) D:7            Lair (6/6) D:11
 Shoals (4/4) Lair:2       Spider (4/4) Lair:3        Slime (0/5) Lair:5
    Orc (2/2) D:12            Elf (0/3) Orc:2        Vaults (0/5) D:13
 Depths (1/5) D:15

Altars:
Cheibriados
Fedhas
Gozag
Makhleb
Qazlal
Yredelemnul
Zin
Beogh

Shops:
D:7 (   D:9 }   Orc:2 =!}?[   Shoals:1 *

Portals:
Hell: Lair:6

Annotations:
Depths:1 Sojobo


Innate Abilities, Weirdness & Mutations

You cannot be hasted, slowed, berserked, paralysed or teleported.
You can dig through walls and to a lower floor.
Your four strong arms can wield two-handed weapons with a shield.
You have a pair of large antennae on your head. (SInv)
You have sharp toenails.
You are partially covered in molten scales. (AC +2)
You are partially covered in slimy green scales. (AC +2)


Message History

* * * LOW HITPOINT WARNING * * *
The spriggan throws a stone.
You block the stone.
The yaktaur shoots a bolt.
The bolt hits the vampire knight!
The vampire knight closely misses you. The vampire knight bites you.
* * * LOW HITPOINT WARNING * * *
The vampire knight draws strength from your injuries!
The yaktaur shoots a bolt.
You block the bolt.
The spriggan throws a stone.
You block the stone.
The yaktaur shoots a bolt.
The bolt hits the vampire knight but does no damage.
You hear a shout!
There is a staircase back to the Dungeon, spattered with blood here.
Things that are here:
2 stones; 5 bolts
Okay, then.
The vampire knight completely misses you.
You block the vampire knight's attack.
The yaktaur shoots a bolt.
The bolt hits the vampire knight but does no damage.
The spriggan air mage waves its arms in wide circles.
The air twists around and violently strikes you in flight!
You die...

###### ...........>≈≈..
.....###................
#......................
#$....c...p...........
#...#..c...........%..
♣♣######i.....c.............
≈≈≈≈≈≈≈≈≈(.().........(......
≈P≈)≈≈≈≈≈.((V........≈≈≈≈≈≈≈.
≈≈≈≈≈≈≈P≈.(#@.([.i..÷.≈≈≈≈≈≈.
≈≈≈≈≈P≈≈..(##(..((...........
≈≈≈≈PP≈≈.(.#..(.......≈≈....#
≈≈≈P≈≈≈≈.......((...≈≈≈≈...##
≈≈≈≈≈≈P≈(.....(.((..≈≈≈≈...#
≈≈≈≈≈P≈≈........(...≈≈......
≈≈≈≈≈≈≈P≈.......(...≈≈.≈....
≈P≈≈PP≈P≈?..###.(......≈≈≈≈≈
♣P≈≈≈≈≈P≈...##..(.#.....≈≈≈≈


You could see a vampire knight (invisible), a spriggan air mage, 3 yaktaurs, a
wizard and a spriggan.

Vanquished Creatures
  An Ice Fiend (IceCv)
  Polyphemus (Shoals:3)
  Agnes (Spider:1)
  A kraken (Shoals:3)
  Donald (Shoals:4)
  2 tengu reavers (Depths:1)
  Roxanne (D:15)
  Ilsuiw (Shoals:4)
  5 ghost moths
  2 frost giants
  4 emperor scorpions (Spider:4)
  A vampire knight (Depths:1)
  2 stone giants (Depths:1)
  3 entropy weavers
  Nessos (Orc:2)
  Azrael (Orc:2)
  The ghost of crawlian the Scorcher, a journeyman DEFE of Sif Muna (Shoals:3)
  A spark wasp (Spider:4)
  A dire elephant (Lair:6)
  7 merfolk javelineers
  Snorg (Orc:2)
  4 merfolk impalers
  A vault guard (D:13)
  The ghost of CasualChangeling the Covert, a journeyman KoFi of Nemelex Xobeh (D:11)
  10 hydras
  A hell beast (Lair:6)
  2 ice dragons
  2 centaur warriors
  11 merfolk aquamancers
  4 alligator snapping turtles
  A catoblepas (Shoals:3)
  2 satyrs
  5 two-headed ogres
  7 merfolk avatars
  4 death yaks
  A queen ant (Spider:1)
  An orc high priest (Orc:2)
  2 tengu warriors
  Nergalle (Lair:4)
  A fire crab (Shoals:2)
  2 skeletal warriors (Volcano)
  An unseen horror (D:14)
  15 sea snakes
  3 wizards
  2 deep elf magi
  An anaconda skeleton (Volcano)
  9 harpies
  2 phantasmal warriors (Depths:1)
  The ghost of Nuz the Conjurer, a novice DrCj of Vehumet (D:5)
  2 lindwurms (Lair:4)
  2 orc knights (Orc:2)
  2 wolf spider zombies
  14 orb spiders
  6 orc sorcerers (Orc:2)
  40 wolf spiders
  6 cyclopes
  2 fauns
  20 manticores
  8 merfolk sirens
  2 ugly things (D:13)
  3 elephants (Lair:2)
  5 moths of wrath
  12 black mambas
  5 water nymphs
  An ice statue (IceCv)
  2 orange demons (Lair:6)
  Psyche (D:8)
  A smoke demon (Lair:6)
  17 spiny frogs
  5 torpor snails
  12 rime drakes
  A centaur skeleton (D:12)
  13 demonic crawlers
  6 gargoyles
  5 yaktaurs
  7 komodo dragons
  A redback zombie (D:13)
  A rime drake (shapeshifter) (D:12)
  2 golden dragon simulacra (IceCv)
  10 ice devils
  2 freezing wraiths (IceCv)
  3 anaconda simulacra (IceCv)
  A tengu conjurer (D:14)
  4 trolls
  40 jumping spiders
  35 merfolk
  A queen bee (shapeshifter) (D:14)
  6 meliai
  A wolf spider simulacrum (IceCv)
  10 wind drakes
  A queen bee (Lair:1)
  8 hornets
  2 harpy skeletons (Volcano)
  2 polar bears
  6 dream sheep (Lair:6)
  4 blink frogs
  4 slime creatures (D:13)
  10 snapping turtles
  20 hippogriffs
  3 flying skulls (Volcano)
  34 tarantellas
  21 water elementals
  69 redbacks
  A redback (shapeshifter) (D:15)
  A shadow (D:14)
  8 wyverns
  An alligator skeleton (Volcano)
  A wraith (D:14)
  2 vampires
  A human (D:7)
  33 yaks
  3 hogs (D:7)
  A basilisk (shapeshifter) (D:15)
  6 basilisks
  9 vampire mosquitoes (D:15)
  2 fire bats (Shoals:2)
  3 fire elementals (Orc:2)
  4 hungry ghosts
  Eustachio (D:4)
  2 acid dragons
  2 iron troll simulacra (IceCv)
  16 soldier ants
  6 harpy simulacra (IceCv)
  3 wargs
  5 hydra simulacra (IceCv)
  17 water moccasins
  5 hell hounds
  26 orc warriors
  11 porcupines
  6 sky beasts
  A black bear (D:11)
  An ettin simulacrum (IceCv)
  2 necrophages
  7 ogres
  4 phantoms
  21 centaurs
  16 crocodiles
  37 wolves
  A big kobold (D:8)
  25 bullfrogs
  2 gnoll sergeants (D:6)
  A water moccasin zombie (D:11)
  4 scorpions
  A wyvern skeleton (D:13)
  A swamp dragon simulacrum (IceCv)
  34 killer bees
  20 wights
  A spriggan skeleton (Volcano)
  4 howler monkeys (D:12)
  A troll skeleton (Volcano)
  5 electric eels
  6 crimson imps
  2 bullfrog zombies
  A draconian simulacrum (IceCv)
  2 centaur zombies
  A quasit (D:8)
  7 hounds
  31 orc wizards
  Crazy Yiuf (D:4)
  25 orc priests
  A gnoll shaman (Orc:2)
  3 jellies
  2 bullfrog skeletons (D:8)
  2 troll simulacra (IceCv)
  An iguana (D:7)
  A polar bear simulacrum (IceCv)
  3 spriggan simulacra (IceCv)
  36 worker ants
  A killer bee zombie (D:10)
  5 naga skeletons (Volcano)
  2 hound zombies
  2 human simulacra (D:14)
  22 gnolls
  2 worker ant zombies
  16 adders
  A naga simulacrum (IceCv)
  4 ogre simulacra (IceCv)
  2 shadow imps
  9 white imps (IceCv)
  6 ufetubi (IceCv)
  An adder zombie (D:7)
  2 adder skeletons (D:8)
  A worm (D:2)
  4 dart slugs
  4 leopard geckos
  80 orcs
  4 bats
  A giant cockroach (D:4)
  2 hobgoblins
  10 jackals
  9 kobolds
  4 quokkas
  A ball python (D:3)
  4 frilled lizards
  2 jackal skeletons
  A leopard gecko zombie (D:5)
  A quokka skeleton (D:5)
  A quokka zombie (D:8)
  5 rats
  11 fungi
  12 plants
  3 tentacles (Shoals:3)
1362 creatures vanquished.

Vanquished Creatures (others)
  A centaur skeleton (D:14)
  A troll (D:14)
  A centaur (Shoals:3)
  A bullfrog (D:14)
  2 orc priests (Orc:2)
  6 fungi
  53 plants
  6 tentacles (Shoals:3)
71 creatures vanquished.

Grand Total: 1433 creatures vanquished

Notes
Turn   | Place    | Note
-------+----------+-------------------------------------------
     0 | D:1      | xccam the Formicid Fighter began the quest for the Orb.
     0 | D:1      | Reached XP level 1. HP: 18/18 MP: 1/1
   284 | D:1      | Reached XP level 2. HP: 24/24 MP: 2/2
   386 | D:1      | Reached skill level 3 in Axes
   753 | D:2      | Reached XP level 3. HP: 29/29 MP: 3/3
  1320 | D:2      | Reached skill level 4 in Axes
  1320 | D:2      | Reached XP level 4. HP: 35/35 MP: 4/4
  1424 | D:2      | Reached XP level 5. HP: 8/41 MP: 5/5
  1438 | D:2      | HP: 2/41 [poisoned by a scorpion]
  1446 | D:2      | HP: 1/41 [poisoned by a scorpion]
  1988 | D:3      | Reached skill level 5 in Axes
  2479 | D:4      | Reached XP level 6. HP: 27/47 MP: 6/6
  2499 | D:4      | Gained mutation: You are partially covered in thin metallic scales. (AC +2) [potion of mutation]
  2499 | D:4      | Gained mutation: You are frail. (-10% HP) [potion of mutation]
  2499 | D:4      | Gained mutation: Your natural rate of healing is unusually fast. [potion of mutation]
  2499 | D:4      | Gained mutation: You are partially covered in slimy green scales. (AC +2) [potion of mutation]
  2623 | D:4      | Reached skill level 6 in Axes
  2638 | D:4      | Noticed an ogre
  2645 | D:4      | Killed an ogre
  2709 | D:4      | Reached skill level 7 in Axes
  2709 | D:4      | Reached XP level 7. HP: 15/46 MP: 7/7
  3010 | D:4      | Found a blossoming altar of Fedhas.
  3011 | D:4      | Reached skill level 8 in Axes
  3218 | D:4      | Noticed Eustachio
  3243 | D:4      | Killed Eustachio
  3243 | D:4      | Reached XP level 8. HP: 52/52 MP: 8/8
  3324 | D:4      | Found a snail-covered altar of Cheibriados.
  3334 | D:4      | Became a worshipper of Cheibriados the Contemplative
  3416 | D:4      | Found a runed door.
  3420 | D:4      | Noticed Crazy Yiuf
  3421 | D:4      | Found the +7 great mace "Undeadhunter" {disrupt, rN+}
  3426 | D:4      | Killed Crazy Yiuf
  3579 | D:5      | Entered Level 5 of the Dungeon
  3595 | D:4      | Reached skill level 9 in Axes
  3761 | D:5      | Reached * piety under Cheibriados
  3909 | D:5      | Noticed Nuz's ghost (novice DrCj)
  3919 | D:5      | Killed Nuz's ghost
  3919 | D:5      | Reached skill level 10 in Axes
  3919 | D:5      | Reached XP level 9. HP: 50/57 MP: 9/9
  4975 | D:6      | Reached skill level 5 in Shields
  5264 | D:7      | Noticed a hippogriff
  5332 | D:7      | Killed a hippogriff
  5348 | D:7      | Found Qyla Die's Weapon Emporium.
  5349 | D:7      | Noticed a hippogriff
  5359 | D:7      | Killed a hippogriff
  5359 | D:7      | Reached ** piety under Cheibriados
  5359 | D:7      | Reached XP level 10. HP: 44/63 MP: 10/10
  5470 | D:7      | Reached skill level 1 in Invocations
  5475 | D:7      | Found Razomeur's Gadget Boutique.
  5494 | D:7      | Found a basalt altar of Yredelemnul.
  5498 | D:7      | Found a stormy altar of Qazlal.
  5499 | D:7      | Found an opulent altar of Gozag.
  5504 | D:7      | Reached skill level 1 in Dodging
  5521 | D:7      | Found a staircase to the Ecumenical Temple.
  5770 | D:7      | Reached *** piety under Cheibriados
  5879 | Temple   | Entered the Ecumenical Temple
  5980 | D:8      | Reached skill level 5 in Fighting
  6053 | D:8      | Reached skill level 5 in Armour
  6301 | D:8      | Reached **** piety under Cheibriados
  6325 | D:8      | Noticed Psyche
  6333 | D:8      | Killed Psyche
  6802 | D:9      | Reached XP level 11. HP: 72/72 MP: 14/14
  6805 | D:9      | Reached skill level 5 in Invocations
  7098 | D:9      | Noticed a two-headed ogre
  7105 | D:9      | Killed a two-headed ogre
  7460 | D:9      | Found Huka's Gadget Boutique.
  7595 | D:10     | Entered Level 10 of the Dungeon
  7751 | D:10     | Reached ***** piety under Cheibriados
  7878 | D:10     | Noticed a manticore
  7887 | D:10     | Killed a manticore
  7920 | D:10     | Reached skill level 5 in Dodging
  8091 | D:10     | Found a glowing silver altar of Zin.
  8559 | D:11     | Found a staircase to the Lair.
  8600 | D:11     | Noticed a cyclops
  8612 | D:11     | Killed a cyclops
  8770 | D:11     | Noticed CasualChangeling's ghost (journeyman KoFi)
  8777 | D:11     | Killed CasualChangeling's ghost
  8777 | D:11     | Reached XP level 12. HP: 82/82 MP: 17/17
  8835 | D:11     | Reached skill level 11 in Axes
  8840 | D:11     | Reached ****** piety under Cheibriados
  9256 | D:12     | Reached skill level 12 in Axes
  9376 | D:12     | Found a roughly hewn altar of Beogh.
  9376 | D:12     | Found a staircase to the Orcish Mines.
  9576 | D:12     | Found the +0 mask of the Dragon {MR+ Slay+3 SInv}
  9584 | D:12     | Reached skill level 13 in Axes
  9655 | D:12     | Noticed a centaur warrior
  9657 | D:12     | Killed a centaur warrior
 10253 | Lair:1   | Entered Level 1 of the Lair of Beasts
 10270 | Lair:1   | Reached skill level 14 in Axes
 10271 | Lair:1   | Reached XP level 13. HP: 71/88 MP: 18/18
 10305 | Lair:1   | Noticed a five-headed hydra
 10313 | Lair:1   | Killed a nine-headed hydra
 10319 | Lair:1   | Reached skill level 15 in Axes
 10371 | Lair:1   | Noticed a four-headed hydra
 10387 | Lair:1   | Killed an 11-headed hydra
 10729 | Lair:1   | Noticed a five-headed hydra
 10736 | Lair:1   | Killed a ten-headed hydra
 11151 | Lair:2   | Reached skill level 16 in Axes
 11303 | Lair:2   | Found a staircase to the Shoals.
 11363 | Lair:2   | Found a dark tunnel.
 11368 | Volcano  | Entered a volcano
 11630 | Volcano  | Reached XP level 14. HP: 87/94 MP: 19/19
 11916 | Lair:2   | Reached skill level 17 in Axes
 12231 | Lair:3   | Reached skill level 10 in Shields
 12500 | Lair:3   | Found a hole to the Spider Nest.
 13337 | Lair:4   | Noticed Nergalle
 13347 | Lair:4   | Killed Nergalle
 14451 | Lair:5   | Found a staircase to the Slime Pits.
 15122 | Lair:6   | Entered Level 6 of the Lair of Beasts
 15136 | Lair:6   | Reached skill level 18 in Axes
 15180 | Lair:6   | Reached XP level 15. HP: 82/99 MP: 20/20
 15549 | Lair:6   | Found a burning altar of Makhleb.
 15592 | Lair:6   | Found a gateway to Hell.
 16446 | D:13     | Cast into level 1 of the Abyss (wight)
 16446 | Abyss:1  | Found a corrupted altar of Lugonu.
 16450 | D:13     | Escaped the Abyss
 16529 | D:13     | Found a gate to the Vaults.
 17163 | D:14     | Reached XP level 16. HP: 88/106 MP: 21/21
 17747 | D:15     | Entered Level 15 of the Dungeon
 17793 | D:15     | Reached skill level 19 in Axes
 18414 | D:15     | Found a staircase to the Depths.
 18414 | D:15     | Noticed a frost giant
 18419 | D:15     | Killed a frost giant
 18441 | D:15     | Noticed Roxanne
 18458 | D:15     | Killed Roxanne
 18626 | Orc:1    | Entered Level 1 of the Orcish Mines
 19307 | Orc:2    | Entered Level 2 of the Orcish Mines
 19513 | Orc:2    | Found Wiagg's Jewellery Shop.
 19557 | Orc:2    | Found a staircase to the Elven Halls.
 19580 | Orc:2    | Noticed Snorg
 19583 | Orc:2    | Killed Snorg
 19587 | Orc:2    | Noticed Azrael
 19597 | Orc:2    | Noticed Nessos
 19600 | Orc:2    | Killed Azrael
 19603 | Orc:2    | Reached skill level 15 in Shields
 19611 | Orc:2    | Killed Nessos
 19644 | Orc:2    | Found Ferisol's Magic Scroll Shoppe.
 19644 | Orc:2    | Found Ruky's Armour Shoppe.
 19647 | Orc:2    | Found Bosene Noyd's Gadget Emporium.
 19740 | Orc:2    | Found Ilagg's Distillery.
 19749 | Orc:2    | Bought a potion of curing for 51 gold pieces
 19749 | Orc:2    | Bought a potion of mutation for 136 gold pieces
 19749 | Orc:2    | Bought a potion of heal wounds for 85 gold pieces
 19749 | Orc:2    | Bought a potion of curing for 51 gold pieces
 19749 | Orc:2    | Bought a potion of might for 68 gold pieces
 19749 | Orc:2    | Bought a potion of mutation for 136 gold pieces
 20198 | Spider:1 | Entered Level 1 of the Spider Nest
 20253 | Spider:1 | Noticed Agnes
 20258 | Spider:1 | Killed Agnes
 20434 | Spider:1 | Reached XP level 17. HP: 114/114 MP: 1/24
 20612 | Spider:1 | Reached skill level 10 in Fighting
 20932 | Spider:2 | Reached skill level 10 in Armour
 22387 | Spider:3 | Reached skill level 20 in Axes
 22859 | Spider:4 | Entered Level 4 of the Spider Nest
 22882 | Spider:4 | Reached XP level 18. HP: 88/124 MP: 15/25
 23080 | Spider:4 | Got a pitted wooden ring
 23081 | Spider:4 | Identified the ring of Tonail {+Fly SInv} (You found it on level 4 of the Spider Nest)
 23982 | Spider:4 | Reached skill level 10 in Dodging
 24134 | Spider:4 | Got a gossamer rune of Zot
 24135 | Spider:4 | Lost mutation: You are frail. (-10% HP) [potion of mutation]
 24135 | Spider:4 | Lost mutation: Your natural rate of healing is unusually fast. [potion of mutation]
 24135 | Spider:4 | Gained mutation: You are dopey. (Int -2) [potion of mutation]
 24135 | Spider:4 | Lost mutation: You are partially covered in slimy green scales. (AC +2) [potion of mutation]
 24135 | Spider:4 | Gained mutation: You are resistant to hostile enchantments. (MR+) [potion of mutation]
 24136 | Spider:4 | Lost mutation: You are resistant to hostile enchantments. (MR+) [potion of mutation]
 24136 | Spider:4 | Lost mutation: You are dopey. (Int -2) [potion of mutation]
 24136 | Spider:4 | Gained mutation: You evolve. [potion of mutation]
 24136 | Spider:4 | Gained mutation: Your body sometimes deteriorates upon taking damage. [potion of mutation]
 24136 | Spider:4 | Gained mutation: You are partially covered in slimy green scales. (AC +2) [potion of mutation]
 24137 | Spider:4 | Lost mutation: Your body sometimes deteriorates upon taking damage. [potion of mutation]
 24137 | Spider:4 | Lost mutation: You are partially covered in thin metallic scales. (AC +2) [potion of mutation]
 24137 | Spider:4 | Gained mutation: Armour fits poorly on your strangely shaped body. [potion of mutation]
 24137 | Spider:4 | Gained mutation: You are resistant to hostile enchantments. (MR+) [potion of mutation]
 24138 | Spider:4 | Lost mutation: You are resistant to hostile enchantments. (MR+) [potion of mutation]
 24138 | Spider:4 | Lost mutation: Armour fits poorly on your strangely shaped body. [potion of mutation]
 24138 | Spider:4 | Lost mutation: You evolve. [potion of mutation]
 24138 | Spider:4 | Gained mutation: You are partially covered in molten scales. (AC +2) [potion of mutation]
 24138 | Spider:4 | Gained mutation: You have sharp toenails. [potion of mutation]
 24448 | Depths:1 | Entered Level 1 of the Depths
 24452 | Depths:1 | Reached skill level 10 in Invocations
 25183 | Shoals:1 | Entered Level 1 of the Shoals
 25456 | Shoals:1 | Found Qoatir's General Store.
 25482 | Shoals:1 | Found a frozen archway.
 25735 | IceCv    | Entered an ice cave
 26383 | IceCv    | Noticed an Ice Fiend
 26397 | IceCv    | Reached XP level 19. HP: 43/148 MP: 2/27
 26400 | IceCv    | Killed an Ice Fiend
 27515 | Shoals:2 | Identified 2 scrolls of acquirement
 27537 | Shoals:2 | Got a crude jade ring
 27539 | Shoals:2 | Identified the ring "Kisuit" {rC+ Dex+2} (You acquired it on level 2 of the Shoals)
 28098 | Shoals:2 | Identified Cerebov's Handbook of Flames
 28940 | Shoals:3 | Found a snail-covered altar of Cheibriados.
 29036 | Shoals:3 | Noticed crawlian's ghost (journeyman DEFE)
 29053 | Shoals:3 | Killed crawlian's ghost
 29553 | Shoals:3 | Noticed Polyphemus
 29572 | Shoals:3 | Killed Polyphemus
 29612 | Shoals:4 | Entered Level 4 of the Shoals
 29710 | Shoals:4 | Noticed Ilsuiw
 29738 | Shoals:4 | Killed Ilsuiw
 29759 | Shoals:4 | Reached XP level 20. HP: 70/158 MP: 29/29
 30156 | Shoals:4 | Noticed Donald
 30164 | Shoals:4 | Killed Donald
 30164 | Shoals:4 | HP: 3/159 [water nymph/the raging water (36)]
 30637 | Shoals:4 | Got a barnacled rune of Zot
 31872 | Depths:1 | Noticed Sojobo
 31887 | Depths:1 | HP: 8/160 [Sojobo/the air (46)]
 31908 | Depths:1 | HP: 3/160 [Sojobo/the air (11)]
 31927 | Depths:1 | Killed from afar by a spriggan air mage

Vault maps used:
D:1:      lemuel_arrival_muddy
D:4:      kennysheep_slug_shrine, fedhas_bush_and_centaur_altar, uniq_eustachio,
          uniq_crazy_yiuf_cottage
D:5:      first_ration
D:7:      gammafunk_temple_overflow_forgotten, minmay_temple_entry_overgrown,
          serial_shops, nicolae_shop_stone, shop, grunt_livestock,
          hangedman_minor_gate_pass
D:8:      uniq_psyche
D:9:      serial_shops, shop
D:10:     basic_altar
D:11:     erik_lair_orcish_takeover, dk_vineyard_3
D:12:     david_orc_5
D:13:     david_vaults_5, serial_glass, glass_columns_a, glass_columns_b,
          glass_columns_b, glass_columns_c, glass_columns_b, glass_columns_c,
          glass_columns_a, glass_columns_b, glass_columns_c, glass_columns_a
D:14:     special_room, hangedman_decor_push, bh_circular_ruins
D:15:     grunt_enter_depths_snipers, serial_park_tiny_1, uniq_roxanne
Temple:   dpeg_five_rooms_temple
Lair:1:   special_room, grunt_forest_large_clearings
Lair:2:   minmay_shoals_entry_hut, enter_volcano_4
Lair:3:   nicolae_spider_entry_orb_guardian
Lair:4:   cheibrodos_lair_overgrown_chateau, nicolae_quartered_pool_little,
          serial_bayou_shore_b, uniq_nergalle
Lair:5:   beast_lair_carwin_large_3, slime_dummy
Lair:6:   evil_forest
Shoals:1: serial_shops, shop_statue, portal_ice_cave_entry_dragon
Shoals:2: cheibrodos_shoals_epimethial_gifts, hangedman_shoal_volcano
Shoals:3: lemuel_altar_in_water2, uniq_polyphemus
Shoals:4: shoals_end_grunt_ice, shoals_ilsuiw_ice, nicolae_shoals_loop_pool,
          uniq_donald, uniq_ilsuiw
Spider:1: nicolae_spider_webs_and_nodes, minmay_another_anthill, uniq_agnes
Spider:2: nicolae_spider_shape
Spider:3: uniq_aizul
Spider:4: spider_rune_water, spider_trap, spiders_nest_spider_trap
Orc:2:    st_orc_mages, serial_shops, nicolae_shop_crystal, uniq_snorg,
          uniq_azrael, uniq_nessos
Depths:1: dk_noncrumbling_3, pf_dread_powers_of_hell, minmay_misc_feat_chi,
          minmay_misc_feat_four_crosses, minivault_14, dk_noncrumbling_4,
          kennysheep_minor_cross, minmay_variable_closet,
          kennysheep_generic_room_7, serial_bayou_shore_a, uniq_sojobo,
          uniq_enchantress
IceCv:    ice_cave_caverns_01
Volcano:  volcano_tomb

Skill      XL: |  1  2  3  4  5  6  7  8  9 10 11 12 13 14 15 16 17 18 19 20 |
---------------+-------------------------------------------------------------+-----
Axes           | 3 4 5 7 8 10 14 16 18 19 20 | 20.0
Shields        | 9 12 14 15 | 15.0
Invocations    | 4 7 9 10 12 13 | 13.1
Dodging        | 3 5 6 7 9 10 11 12 | 12.0
Fighting       | 5 8 9 11 12 13 14 | 14.4
Armour         | 5 8 9 11 12 13 14 | 14.4

Action                   |  1- 3 |  4- 6 |  7- 9 | 10-12 | 13-15 | 16-18 | 19-21 || total
-------------------------+-------+-------+-------+-------+-------+-------+-------++-------
Melee: War axe           |    55 |   111 |   295 |   652 |       |       |       ||  1113
       Battleaxe         |       |       |       |    50 |   798 |  1120 |   620 ||  2588
       Kick              |       |       |       |       |       |    83 |     3 ||    86
Invok: Slouch            |       |       |       |       |     2 |    19 |     5 ||    26
       Temporal Distorti |       |       |       |       |     1 |     1 |       ||     2
       Step From Time    |       |       |       |       |       |     1 |     3 ||     4
 Abil: Dig               |       |       |     1 |       |     1 |     1 |       ||     3
Evoke: Wand              |       |       |       |       |    18 |     3 |     2 ||    23
  Use: Potion            |       |     5 |     5 |       |       |     5 |    12 ||    27
       Scroll            |       |       |     5 |    15 |     7 |     4 |    11 ||    42
 Stab: Distracted        |       |       |     1 |       |       |     1 |       ||     2
       Petrifying        |       |       |       |       |       |       |     1 ||     1
  Eat: Chunk             |     1 |     1 |     7 |    17 |    24 |    20 |    10 ||    80
       Ration            |       |     1 |       |     1 |       |       |       ||     2
Armor: Scale mail        |    17 |    55 |    23 |       |       |       |       ||    95
       Ring mail         |       |       |   110 |    62 |       |       |       ||   172
       Plate armour      |       |       |       |   163 |   312 |   305 |       ||   780
       Ice dragon scales |       |       |       |       |       |    18 |   130 ||   148
Dodge: Dodged            |    13 |    39 |   102 |   271 |   294 |   409 |   272 ||  1400
Block: Shield            |    32 |    62 |   170 |   512 |   214 |       |       ||   990
       Large shield      |       |       |       |       |   650 |  1394 |   757 ||  2801

Table legend:
 A = Spawn XP
 B = Non-spawn XP
 C = Spawn XP percentage of total XP
 D = Spawn monster count
 E = Non-spawn monster count
 F = Spawn count percentage of total count
 G = Total turns spent on level
                    A         B        C        D         E        F      G
               +---------+---------+-------+---------+---------+-------+---------
         Total |       0 |  367588 |   0.0 |       0 |    1337 |   0.0 | 31927
               +---------+---------+-------+---------+---------+-------+---------
           D:1 |       0 |      27 |   0.0 |       0 |       7 |   0.0 |   716
           D:2 |       0 |     115 |   0.0 |       0 |      17 |   0.0 |  1056
           D:3 |       0 |      87 |   0.0 |       0 |      15 |   0.0 |   682
           D:4 |       0 |    1004 |   0.0 |       0 |      35 |   0.0 |  1164
           D:5 |       0 |    1016 |   0.0 |       0 |      14 |   0.0 |   973
           D:6 |       0 |     686 |   0.0 |       0 |      15 |   0.0 |   673
           D:7 |       0 |    2753 |   0.0 |       0 |      36 |   0.0 |   629
           D:8 |       0 |    1886 |   0.0 |       0 |      33 |   0.0 |   819
           D:9 |       0 |    2002 |   0.0 |       0 |      20 |   0.0 |   881
          D:10 |       0 |    2672 |   0.0 |       0 |      25 |   0.0 |   859
          D:11 |       0 |    4778 |   0.0 |       0 |      34 |   0.0 |   751
          D:12 |       0 |    8155 |   0.0 |       0 |      70 |   0.0 |  1317
          D:13 |       0 |    9166 |   0.0 |       0 |      46 |   0.0 |   681
          D:14 |       0 |   15457 |   0.0 |       0 |      46 |   0.0 |  1005
          D:15 |       0 |   12704 |   0.0 |       0 |      31 |   0.0 |  1463
        Lair:1 |       0 |   11858 |   0.0 |       0 |      70 |   0.0 |  1081
        Lair:2 |       0 |    7100 |   0.0 |       0 |      36 |   0.0 |   783
        Lair:3 |       0 |    4699 |   0.0 |       0 |      14 |   0.0 |  1107
        Lair:4 |       0 |    9522 |   0.0 |       0 |      34 |   0.0 |   970
        Lair:5 |       0 |    6934 |   0.0 |       0 |      25 |   0.0 |   901
        Lair:6 |       0 |   17181 |   0.0 |       0 |      47 |   0.0 |   938
      Shoals:1 |       0 |   15537 |   0.0 |       0 |      34 |   0.0 |   964
      Shoals:2 |       0 |   25659 |   0.0 |       0 |      50 |   0.0 |  1273
      Shoals:3 |       0 |   25004 |   0.0 |       0 |      39 |   0.0 |   941
      Shoals:4 |       0 |   35809 |   0.0 |       0 |      56 |   0.0 |  1873
      Spider:1 |       0 |   16798 |   0.0 |       0 |      60 |   0.0 |   706
      Spider:2 |       0 |   20991 |   0.0 |       0 |      66 |   0.0 |   931
      Spider:3 |       0 |   20432 |   0.0 |       0 |      52 |   0.0 |  1280
      Spider:4 |       0 |   43919 |   0.0 |       0 |     103 |   0.0 |  1163
         Orc:1 |       0 |    1496 |   0.0 |       0 |      27 |   0.0 |   692
         Orc:2 |       0 |   13340 |   0.0 |       0 |      82 |   0.0 |   766
      Depths:1 |       0 |   11786 |   0.0 |       0 |      18 |   0.0 |   138
         IceCv |       0 |   11228 |   0.0 |       0 |      59 |   0.0 |  1335
       Volcano |       0 |    5787 |   0.0 |       0 |      21 |   0.0 |   410
               +---------+---------+-------+---------+---------+-------+---------
